 Dungeon Crawl Stone Soup version 0.18.1-48-g4cf74bf (webtiles) character file.

473 raph the Poker (level 6, -1/51 HPs)
             Began as a Minotaur Fighter on July 13, 2016.
             Killed by divine providence
             ... invoked by an orc priest
              (14 damage)
             ... on level 4 of the Dungeon.
             The game lasted 00:05:14 (3393 turns).

raph the Poker (Minotaur Fighter)                   Turns: 3393, Time: 00:05:15

Health: -1/51      AC: 12    Str: 20    XL:     6   Next: 84%
Magic:  5/5        EV:  4    Int:  5    God:
Gold:   192        SH:  9    Dex: 12    Spells: 0 memorised, 5 levels left

rFire  + . .     SeeInvis +     a - +0 trident
rCold  . . .     Gourm    .     w - +0 plate armour
rNeg   . . .     Faith    .     c - +0 shield
rPois  .         Spirit   .     (helmet restricted)
rElec  .         Dismiss  .     (no cloak)
rCorr  .         Reflect  .     (no gloves)
SustAt .         Harm     .     (no boots)
MR     .....                    (no amulet)
Stlth  ..........               z - ring of see invisible
                                y - ring of protection from fire

@: not resistant to hostile enchantments, extremely unstealthy
A: retaliatory headbutt, horns 2
a: no special abilities


You were on level 4 of the Dungeon.
You were not hungry.

You visited 1 branch of the dungeon, and saw 4 of its levels.

You collected 192 gold pieces.

Inventory:

Hand Weapons
 a - a +0 trident (weapon)
Missiles
 u - 6 tomahawks (quivered)
Armour
 b - a +0 scale mail
 c - a +0 shield (worn)
 w - a +0 plate armour (worn)
Jewellery
 y - a ring of protection from fire (left hand)
 z - a ring of see invisible (right hand)
Scrolls
 h - 2 scrolls of magic mapping {unknown}
 j - 2 scrolls of fog {unknown}
 l - 3 scrolls of remove curse {unknown}
 n - a scroll of fear {unknown}
 p - a scroll of random uselessness {unknown}
 q - a scroll of enchant armour {unknown}
 t - 8 scrolls of identify {unknown}
 v - a scroll of noise {unknown}
 B - a scroll of immolation {unknown}
Potions
 d - 5 potions of might
 e - a potion of heal wounds {unknown}
 k - 3 potions of curing {unknown}
 m - a potion of berserk rage {unknown}
 o - a potion of lignification {unknown}
 r - a potion of resistance {unknown}
 s - 2 potions of invisibility {unknown}
 A - a potion of cure mutation {unknown}
 C - a potion of haste {unknown}
Comestibles
 f - 3 bread rations
 g - 2 slices of pizza
 i - 2 beef jerkies
 x - 5 chunks of flesh


   Skills:
 - Level 3.6 Fighting
 * Level 7.8 Polearms
 + Level 5.6 Armour
 - Level 3.6 Shields


You had 5 spell levels left.
You didn't know any spells.

Dungeon Overview and Level Annotations

Branches:
Dungeon (4/15)
 Temple: D:4-7

Altars:
Elyvilon
Makhleb
Trog
Vehumet
Xom

Annotations:
D:4 Mesmaeker13's ghost, amateur DsWz


Innate Abilities, Weirdness & Mutations

You reflexively headbutt those who attack you in melee.
You have a pair of horns on your head.


Message History

You puncture the orc! Your headbutt misses the orc.
The orc is almost dead.
The orc hits you but does no damage.
You puncture the orc!
You kill the orc!
You now have 192 gold pieces (gained 6).
You see here an orc corpse.
You butcher the orc corpse.
x - 5 chunks of flesh (gained 2)
An ogre comes into view. It is wielding a giant spiked club.
An iguana and an orc priest come into view.
The orc priest shouts!
The orc priest invokes the aid of Beogh against you.
Beogh smites you!
The ogre hits you with a giant spiked club!!
Ouch! That really hurt!
* * * LOW HITPOINT WARNING * * *
The orc priest invokes the aid of Beogh against you.
Beogh smites you!
You die...

..### .. . ##. ....# ##. .##
#W. .##.# #.. ..## #<. .##.#
#.# ##..###.. .##.######.#
#.....#.. .##......#.#
#.....#.. ....####...####
#.....###
###...........###########.....#
#######..##...@.O.l.o.......#
#################.....#
##########....# .....o..l...>.#
.#...#...#....# ..............#
.#...#...###### ..........#
###########


You could see an ogre, an iguana and an orc priest.

Vanquished Creatures
  A howler monkey (D:4)
  A centaur skeleton (D:4)
  3 orc wizards
  2 orc priests
  An iguana (D:4)
  Jessica (D:2)
  Ijyb (D:3)
  A worker ant (D:4)
  Robin (D:3)
  4 adders
  3 oozes
  A worm (D:4)
  A dart slug (D:2)
  5 giant geckos
  6 orcs
  2 bats
  4 giant cockroaches
  13 goblins
  8 hobgoblins
  10 jackals
  A quokka (D:3)
  2 giant newts
  6 kobolds
  16 rats
94 creatures vanquished.

Vanquished Creatures (others)
  An orc wizard (D:3)
1 creature vanquished.

Grand Total: 95 creatures vanquished

Notes
Turn   | Place    | Note
--------------------------------------------------------------
     0 | D:1      | raph the Minotaur Fighter began the quest for the Orb.
     0 | D:1      | Reached XP level 1. HP: 19/19 MP: 0/0
    95 | D:1      | Reached skill level 3 in Polearms
   170 | D:1      | Reached XP level 2. HP: 25/26 MP: 1/1
   728 | D:2      | Noticed Jessica
   732 | D:2      | Killed Jessica
   732 | D:2      | Reached skill level 4 in Polearms
   732 | D:2      | Reached XP level 3. HP: 31/31 MP: 2/2
   789 | D:2      | Found a shimmering altar of Xom.
  1020 | D:2      | Reached skill level 5 in Polearms
  1197 | D:2      | Found a white marble altar of Elyvilon.
  1295 | D:2      | Found a burning altar of Makhleb.
  1302 | D:2      | Reached XP level 4. HP: 39/39 MP: 3/3
  1393 | D:2      | Found a radiant altar of Vehumet.
  1874 | D:3      | Reached skill level 6 in Polearms
  1922 | D:3      | Reached XP level 5. HP: 43/45 MP: 4/4
  1937 | D:3      | Noticed Ijyb
  1953 | D:3      | Killed Ijyb
  2224 | D:3      | Found a bloodstained altar of Trog.
  2671 | D:3      | Noticed Robin
  2680 | D:3      | Killed Robin
  2802 | D:4      | Reached skill level 7 in Polearms
  2802 | D:4      | Reached XP level 6. HP: 49/51 MP: 5/5
  2813 | D:4      | Reached skill level 5 in Armour
  3062 | D:4      | Noticed Mesmaeker13's ghost (amateur DsWz)
  3393 | D:4      | Killed from afar by an orc priest

Skill      XL: |  1  2  3  4  5  6 |
---------------+-------------------+-----
Polearms       | 3 4 5 6 7 |  7.8
Armour         | 4 5 |  5.6
Fighting       | |  3.6
Shields        | |  3.6

Action                   |  1- 3 |  4- 6 || total
-------------------------+-------+-------++-------
Melee: Trident           |    73 |   217 ||   290
       Headbutt          |    13 |    31 ||    44
 Stab: Distracted        |       |     1 ||     1
  Eat: Chunk             |     1 |     7 ||     8
Armor: Scale mail        |    22 |     2 ||    24
       Plate armour      |       |   133 ||   133
Dodge: Dodged            |    26 |    26 ||    52
Block: Shield            |    24 |    79 ||   103
